 Dungeon Crawl Stone Soup version 0.29-a0-824-gd827844252 (webtiles) character file.

Game seed: 6888622224004624551

8423 Mesmaeker13 the Thaumaturge (level 11, -3/79 HPs)
             Began as a Djinni Hedge Wizard on July 9, 2022.
             Was a Priest of Elyvilon.
             Slain by a cane toad (9 damage)
             ... on level 9 of the Dungeon.
             The game lasted 00:24:10 (15247 turns).

Mesmaeker13 the Thaumaturge (Djinni Hedge Wizard)  Turns: 15247, Time: 00:24:11

Health: -3/79      AC: 13    Str:  9    XL:     11   Next: 55%
Gold:   690        EV: 14    Int: 20    God:    Elyvilon [***...] SH:  0 Dex: 13

rFire   + + +      SeeInvis .   C - +2 whip (venom)
rCold   . . .      Faith    .   (no shield)
rNeg    . . .      Spirit   .   a - +2 leather armour {Will+}
rPois   ∞          Reflect  .   P - +2 helmet
rElec   .          Harm     .   m - scarf {rC+ rF+}
rCorr   .          Rampage  .   (no gloves)
Will    ++...                   (boots unavailable)
Stlth   ++........              (no amulet)
HPRegen 0.23/turn               v - +4 ring of protection
MPRegen 0.00/turn               (no ring)

@: flying
A: sickness immunity, fire resistance 2, cold vulnerability 1, float, innate
caster, HP casting, extra vitality 1
a: Renounce Religion, Purification, Heal Other, Heal Self


You were on level 9 of the Dungeon.
You worshipped Elyvilon.
Elyvilon was most pleased with you.
You visited 3 branches of the dungeon, and saw 13 of its levels.

You collected 690 gold pieces.

Inventory:

Hand Weapons
 r - a +1 dagger of electrocution
 C - a +2 whip of venom (weapon)
 N - a +1 broad axe of electrocution
Missiles
 k - 14 curare-tipped darts (quivered)
 y - 5 javelins
 I - 2 throwing nets
Armour
 a - a +2 leather armour of willpower (worn)
 m - a scarf of resistance (worn)
 L - +0 steam dragon scales
 O - +0 acid dragon scales
 P - a +2 helmet (worn)
Jewellery
 v - a +4 ring of protection (left hand)
Scrolls
 d - a scroll of silence
 f - 3 scrolls of vulnerability
 g - a scroll of amnesia {unknown}
 i - 4 scrolls of teleportation
 o - a scroll of blinking
 q - 2 scrolls of summoning
 w - 2 scrolls of magic mapping
 A - 2 scrolls of fog
 D - 2 scrolls of poison {unknown}
 E - 2 scrolls of fear
 K - a scroll of immolation {unknown}
 M - a scroll of noise {unknown}
Potions
 b - a potion of attraction
 e - a potion of mutation {unknown}
 h - 2 potions of berserk rage {unknown}
 j - 5 potions of curing
 l - a potion of brilliance
 n - 2 potions of flight {unknown}
 p - 3 potions of might
 s - a potion of ambrosia {unknown}
 t - a potion of degeneration {unknown}
 u - a potion of resistance
 x - a potion of invisibility {unknown}
 z - 2 potions of cancellation
 B - a potion of heal wounds {unknown}
 F - a potion of magic {unknown}
 H - a potion of lignification {unknown}


   Skills:
 + Level 7.5 Fighting
 - Level 6.4 Armour
 + Level 6.6 Dodging
 - Level 1.5 Stealth
 * Level 9.9 Spellcasting
 + Level 3.4 Invocations


You had 2 spell levels left.
You knew the following spells:

 Your Spells              Type           Power      Damage    Failure   Level
a - Magic Dart            Conj           100%       1d8       1%          1
b - Blink                 Tloc           98%        N/A       1%          2
c - Call Imp              Summ           49%        N/A       1%          2
d - Slow                  Hex            100%       N/A       1%          1
e - Conjure Flame         Conj/Fire      49%        6-21      1%          3
f - Mephitic Cloud        Conj/Pois/Air  49%        N/A       1%          3
g - Necrotise             Necr           100%       1d9       1%          1
h - Poisonous Vapours     Pois/Air       98%        N/A       1%          2
i - Ignite Poison         Fire/Tmut/Pois 49%        N/A       1%          3
j - Sticky Flame          Conj/Fire      49%        2d7       1%          4
k - Silence               Hex/Air        24%        N/A       4%          5
Your spell library was empty.

Dungeon Overview and Level Annotations

Branches:
Dungeon (11/15)            Temple (1/1) D:6            Lair (1/6) D:9
    Orc (0/2) D:10

Altars:
Ashenzari
Cheibriados
Dithmenos
Elyvilon
Fedhas
Gozag
Hepliaklqana
Nemelex Xobeh
Okawaru
Ru
Trog
Uskayaw
Wu Jian
Xom
Yredelemnul
Zin

Shops:
D:3 *   D:4 !

Annotations:
D:3 Natasha


Innate Abilities, Weirdness & Mutations

You are immune to sickness and miasma.
You are immune to poison.
Your flesh is very heat resistant. (rF++)
You are vulnerable to cold. (rC-)
You float through the air rather than walking.
You learn spells naturally, not from books.
Your magical power is your life essence.
You have superior vitality. (+4 MHP)


Message History

Confirm with . or Enter, or press ? or * to list all spells.
You don't know that spell.
Throw: 16 darts (curare)
Press: ? - help, Q - select action, (/) - cycle Shift-Dir - straight line, f - cane toad
Aim: a cane toad (64% to hit)
You throw a curare-tipped dart.
The curare-tipped dart hits the cane toad.
Unknown command.
Casting: Ignite Poison (safe; 1% risk of failure)
Confirm with . or Enter, or press ? or * to list all spells.
You don't know that spell.
Throw: 15 darts (curare)
Press: ? - help, Q - select action, (/) - cycle Shift-Dir - straight line, f/p - cane toad
Aim: a cane toad (64% to hit)
You throw a curare-tipped dart.
The curare-tipped dart hits the cane toad.
The cane toad stings you but does no damage.
Casting: Ignite Poison (safe; 1% risk of failure)
Confirm with . or Enter, or press ? or * to list all spells.
Okay, then.
Casting: Ignite Poison (safe; 1% risk of failure)
Confirm with . or Enter, or press ? or * to list all spells.
Aiming: Mephitic Cloud (safe; 1% risk of failure)
Press: ? - help, Shift-Dir - straight line, f - you, p - cane toad The ball explodes into a vile cloud!
The stinking cloud engulfs you but does no damage.
The stinking cloud engulfs the cane toad but does no damage.
The cane toad stings you!
* * * LOW HITPOINT WARNING * * *
Unknown command.
The cane toad attacks as you move away! The cane toad stings you!
* * * LOW HITPOINT WARNING * * *
The cane toad stings you but does no damage.
Casting: Mephitic Cloud (safe; 1% risk of failure)
Confirm with . or Enter, or press ? or * to list all spells.
You ignite the poison in your surroundings!
* * * LOW HITPOINT WARNING * * *
The cane toad is engulfed in blazing flames.
The cane toad stings you!
You die...

### #####.# ......# #####.# #.#
#.# #.# #####
##.######...##################
#...........'@F☼☼.............
#...#####...#######.....#...F. #
#...# #...# #.....#..... # #...#
##### #.......)...
####...########## #.......†...
'......)....))))# #.....>.....
###############)## #####<....##
...........####..###########'####
≈≈≈≈≈≈≈≈≈≈.).....).........).....


You could see a cane toad.

Vanquished Creatures
  A two-headed ogre (D:10)
  2 orc knights (D:10)
  Maggie (D:10)
  A troll (D:10)
  Grinder (D:3)
  A hornet (D:8)
  A blink frog (D:9)
  2 humans (D:10)
  7 yaks
  Grum (D:9)
  2 steam dragons
  2 water moccasins
  An acid dragon (D:10)
  A sky beast (D:7)
  An ice beast (D:6)
  3 orc warriors
  2 black bears (D:8)
  An ogre (D:6)
  2 wolves (D:9)
  3 centaurs
  A phantom (D:6)
  2 kobold brigands
  3 bullfrogs (D:6)
  A gnoll sergeant (D:9)
  A necrophage (D:6)
  6 scorpions
  6 wights (D:8)
  5 killer bees (D:10)
  2 electric eels (D:7)
  A howler monkey (D:9)
  6 orc priests
  A gnoll bouda (D:8)
  3 hounds
  A jelly (D:4)
  6 iguanas
  Natasha (D:3)
  11 orc wizards
  8 gnolls
  6 adders
  2 white imps
  2 worms
  46 orcs
  6 endoplasms
  3 giant cockroaches
  3 goblins
  7 hobgoblins
  4 jackals
  2 quokkas
  8 ball pythons
  7 bats
  4 frilled lizards
  16 kobolds
  7 rats
224 creatures vanquished.

Vanquished Creatures (collateral kills)
  An acid dragon (D:10)
  An orc priest (D:4)
  Natasha (D:3)
  2 orc wizards
  An adder (D:4)
  A worm (D:2)
  2 orcs
  A goblin (D:2)
  A frilled lizard (D:2)
11 creatures vanquished.

Vanquished Creatures (others)
  An orc warrior (D:10)
  An orc (D:10)
  16 plants
18 creatures vanquished.

Grand Total: 253 creatures vanquished

Notes
Turn   | Place    | Note
-------+----------+-------------------------------------------
     0 | D:1      | Mesmaeker13 the Djinni Hedge Wizard began the quest for the
                  | Orb.
     0 | D:1      | Mesmaeker13 set off with the following spells memorised:
                  | Magic Dart, Blink, Call Imp, Slow, Conjure Flame, Mephitic
                  | Cloud.
     0 | D:1      | Reached XP level 1. HP: 15/15 MP: 0/0
   427 | D:1      | Reached XP level 2. HP: 15/21 MP: 0/0
  1007 | D:1      | Found a faded altar of an unknown god.
  1025 | D:1      | Noticed a golden eye
  1029 | D:1      | Noticed a shining eye
  1029 | D:1      | Noticed a great orb of eyes
  1029 | D:1      | Noticed a golden eye
  1408 | D:2      | Reached skill level 3 in Spellcasting
  1408 | D:2      | Reached XP level 3. HP: 18/25 MP: 0/0
  1408 | D:2      | Learned a level 1 spell: Necrotise
  2251 | D:2      | Reached XP level 4. HP: 27/31 MP: 0/0
  2534 | D:3      | Found Jejugrac's General Store.
  2810 | D:3      | Noticed Natasha
  2824 | D:3      | Killed Natasha
  3185 | D:3      | Reached XP level 5. HP: 32/35 MP: 0/0
  3185 | D:3      | Learned a level 2 spell: Poisonous Vapours
  3247 | D:3      | Noticed Grinder
  3502 | D:4      | Reached skill level 4 in Spellcasting
  3528 | D:4      | Reached XP level 6. HP: 8/40 MP: 0/0
  3793 | D:4      | Found Iwkadam's Distillery.
  4035 | D:4      | Found a broken altar of Ashenzari.
  4368 | D:4      | Reached XP level 7. HP: 28/45 MP: 0/0
  4368 | D:4      | Learned a level 3 spell: Ignite Poison
  4497 | D:4      | You are sucked into a shaft and drop 1 floor!
  4497 | D:5      | Entered Level 5 of the Dungeon
  4514 | D:5      | Reached skill level 5 in Spellcasting
  4533 | D:5      | Reached skill level 5 in Dodging
  4604 | D:4      | Found a shadowy altar of Dithmenos.
  5589 | D:5      | Reached skill level 1 in Fighting
  5589 | D:5      | Reached skill level 1 in Armour
  5589 | D:5      | Reached XP level 8. HP: 45/52 MP: 0/0
  6165 | D:6      | Found a staircase to the Ecumenical Temple.
  6172 | Temple   | Entered the Ecumenical Temple
  6186 | Temple   | Became a worshipper of Elyvilon the Healer
  6315 | D:6      | Reached skill level 6 in Spellcasting
  6412 | D:6      | Noticed a yak
  6412 | D:6      | Noticed a yak
  6750 | D:6      | Found a bloodstained altar of Trog.
  7618 | D:6      | Reached XP level 9. HP: 38/61 MP: 0/0
  7618 | D:6      | Learned a level 4 spell: Sticky Flame
  8193 | D:3      | Reached * piety under Elyvilon
  8222 | D:3      | Noticed Natasha
  8233 | D:3      | Killed Natasha
  8296 | D:3      | Reached skill level 7 in Spellcasting
  8677 | D:3      | Noticed Natasha
  8685 | D:3      | Killed Grinder
  9917 | D:7      | Found a basalt altar of Yredelemnul.
 10595 | D:8      | Reached ** piety under Elyvilon
 10601 | D:8      | Found a hide-covered altar of Uskayaw.
 10793 | D:8      | Noticed a hornet
 10798 | D:8      | Killed a hornet
 10799 | D:8      | Reached skill level 5 in Fighting
 10799 | D:8      | Reached skill level 5 in Armour
 10799 | D:8      | Reached XP level 10. HP: 55/70 MP: 0/0
 10819 | D:8      | Reached skill level 8 in Spellcasting
 11885 | D:9      | Noticed Grum
 11885 | D:9      | Found a staircase to the Lair.
 12388 | D:9      | Killed Grum
 13042 | D:10     | Entered Level 10 of the Dungeon
 13042 | D:10     | Noticed a two-headed ogre
 13051 | D:10     | Killed a two-headed ogre
 13052 | D:10     | Reached skill level 9 in Spellcasting
 13156 | D:10     | Reached *** piety under Elyvilon
 13193 | D:10     | Found an iron altar of Okawaru.
 13238 | D:10     | Noticed Maggie
 13239 | D:10     | Noticed an orc knight
 13242 | D:10     | Reached skill level 1 in Invocations
 13502 | D:10     | Killed Maggie
 13503 | D:10     | Reached XP level 11. HP: 61/78 MP: 0/0
 13503 | D:10     | Learned a level 5 spell: Silence
 13915 | D:10     | Noticed an orc knight
 13943 | D:10     | Killed an orc knight
 14094 | D:10     | Noticed an orc knight
 14128 | D:10     | Killed an orc knight
 14252 | D:10     | Found a staircase to the Orcish Mines.
 14662 | D:10     | Found a faded altar of an unknown god.
 14665 | D:10     | Found a hazy altar of Hepliaklqana.
 14667 | D:10     | Found a faded altar of an unknown god.
 14718 | Lair:1   | Entered Level 1 of the Lair of Beasts
 15247 | D:9      | Slain by a cane toad

Illustrated notes

Levels and vault maps discovered:
D:1:      minmay_arrival_checkered_box, layout_loops_ring,
          hellmonk_ecumenical_altar_watching_god, st_stairs_11,
          solitary_fountain
D:2:      layout_rooms, minmay_pentomino_s2
D:3:      layout_basic, serial_shops, nicolae_shop_trees,
          nicolae_figureground_sparkle, uniq_natasha, uniq_grinder
D:4:      layout_basic, marbit_many_paths, nicolae_dithmenos_the_darkroom,
          serial_shops, nicolae_shop_crystal, minmay_ruptured
D:5:      layout_cave_pools
D:6:      layout_loops_ring, bloody_trog, temple_green, kennysheep_another_room
D:7:      layout_loops_ring, lemuel_coloured_pillars_altar,
          mainiacjoe_overflow_alcove_1, serial_bayou_lagoon_b
D:8:      layout_loops_ring, lemuel_crystal_altar
D:9:      nicolae_whirlpool, layout_basic, lair_entry_dummy, uniq_grum
D:10:     layout_gridville, nicolae_hepliaklqana_ecumenical_no_more,
          okawaru_humans, david_orc_5, uniq_maggie
D:11:     layout_basic, serial_glass, glass_columns_a, glass_columns_b,
          serial_shops, nicolae_shop_trees, uniq_lodul, uniq_josephine,
          uniq_harold
Temple:   eino_temple_lava
Lair:1:   layout_gridlike, portal_ice_cave_entry_pillars_2,
          nicolae_volcano_entry_lava_flow, lemuel_fruit_tree

Skill      XL: |  1  2  3  4  5  6  7  8  9 10 11 |
---------------+----------------------------------+-----
Spellcasting   | 3 4 5 6 7 9 |  9.9
Dodging        | 3 4 5 6 |  6.6
Fighting       | 1 3 5 6 7 |  7.5
Armour         | 1 3 5 6 |  6.4
Invocations    | 1 3 |  3.4
Stealth        | |  1.5

Action                   |  1- 3 |  4- 6 |  7- 9 | 10-12 || total
-------------------------+-------+-------+-------+-------++-------
Melee: Dagger            |       |       |    13 |       ||    13
       Whip              |       |       |       |     6 ||     6
Throw: Dart              |       |       |       |    10 ||    10
 Cast: Magic Dart        |    73 |    67 |   175 |   126 ||   441
       Call Imp          |     4 |     3 |     2 |       ||     9
       Poisonous Vapours |       |     6 |    26 |     8 ||    40
       Ignite Poison     |       |       |    19 |    36 ||    55
       Mephitic Cloud    |       |       |    21 |    43 ||    64
       Sticky Flame      |       |       |     6 |     6 ||    12
       Slow              |       |       |     1 |     1 ||     2
       Conjure Flame     |       |       |       |     1 ||     1
Evoke: Wand              |       |       |       |    16 ||    16
  Use: Scroll            |       |     3 |     7 |     5 ||    15
       Potion            |       |       |       |     2 ||     2
Armor: Robe              |     2 |     2 |       |       ||     4
       Leather armour    |       |     1 |    17 |    28 ||    46
Dodge: Dodged            |    13 |     7 |    66 |    51 ||   137

Table legend: (Time is in decaauts)
 A = Elapsed time spent in this place.
 B = Non-inter-level travel time spent in this place.
 C = Inter-level travel time spent in this place.
 D = Time resting spent in this place.
 E = Time spent auto-exploring this place.
 F = Levels seen in this place.
 G = Mean time per level.
                   A        B        C        D        E       F      G
               +--------+--------+--------+--------+--------+-----+--------+
         Total |  15253 |  14471 |    782 |   4142 |   8234 |  13 | 1173.3 |
       Dungeon |  15135 |  14361 |    774 |   4109 |   8216 |  11 | 1375.9 |
        Temple |     23 |     15 |      8 |      0 |      0 |   1 |   23.0 |
          Lair |     94 |     94 |      0 |     33 |     18 |   1 |   94.0 |
               +--------+--------+--------+--------+--------+-----+--------+

Top non-repeatable levels by time:
    D:10: 1915 daAuts
     D:6: 1859 daAuts
     D:4: 1690 daAuts
     D:3: 1641 daAuts
     D:8: 1539 daAuts
     D:1: 1403 daAuts
     D:7: 1365 daAuts
     D:9: 1334 daAuts
     D:2: 1208 daAuts
     D:5: 1165 daAuts
  Lair:1: 94 daAuts
  Temple: 23 daAuts
    D:11: 11 daAuts
